AoeStats
← Nemsis

Black Forest

510064431Analyzed
3v3 RM · 4d ago on Sep 29, 2026· 50m 13s· 6 players
Game mode
Random Map
Map size
Normal (6 player)
Population
200
Speed
Normal
Resources
Standard
Victory
Conquest
Starting age
Dark Age
Ending age
Imperial Age
RankedLock teamsTeams togetherTeam positionsShared explorationLock speedFull tech treeHidden civsTurbo modeCheats
Victory
Defeat
🇺🇸 Khmer · United States
1198
+6
🇦🇺 Varangians · Australia
1066
+10
🇦🇹 Vietnamese · Austria
1015
+12
🇪🇸 Teutons · Spain
1025
-12
🇬🇧 Mongols · United Kingdom
1013
-12
🇪🇸 Varangians · Spain
760
-4
Nemsis
0:58 Loom
14:49 Feudal Age
15:28 Double-Bit Axe
18:52 Wheelbarrow
21:09 Horse Collar
24:07 Castle Age
23:04 Gold Mining
24:16 Stone Mining
25:25 Bloodlines
27:24 Bow Saw
27:48 Scale Barding Armor
32:50 Chain Barding Armor
32:41 Forging
32:40 Husbandry
36:13 Imperial Age
34:15 Vendel Legacy
36:34 Cavalier
37:53 Plate Barding Armor
39:36 Heavy Plow
40:13 Caravan
43:02 Iron Casting
42:18 Fletching
45:59 Blast Furnace
44:55 Bodkin Arrow
46:17 Hand Cart
ledoanh96
3:14 Loom
12:07 Feudal Age
16:18 Castle Age
18:18 Double-Bit Axe
21:04 Horse Collar
23:47 Wheelbarrow
23:38 Gold Mining
25:26 Bow Saw
25:34 Stone Mining
26:30 Gold Shaft Mining
28:23 Stone Shaft Mining
30:24 Imperial Age
28:47 Hand Cart
28:35 Town Watch
29:01 Scale Barding Armor
30:10 Chain Barding Armor
29:57 Town Patrol
32:16 Chemistry
31:13 Fletching
31:40 Husbandry
32:24 Heavy Plow
33:43 Conscription
33:17 Elite Ballista Elephant
35:49 Plate Barding Armor
35:26 Double Crossbow
36:57 Ballistics
37:52 Bodkin Arrow
38:32 Bloodlines
39:40 Forging
38:56 Light Cavalry
40:25 Siege Engineers
40:31 Masonry
40:34 Fortified Wall
41:05 Iron Casting
40:32 Bracer
40:25 Hussar
43:32 Blast Furnace
max-on-war
13:23 Feudal Age
14:44 Wheelbarrow
14:05 Double-Bit Axe
18:34 Castle Age
17:21 Horse Collar
19:33 Hand Cart
20:28 Bow Saw
20:21 Heavy Plow
21:52 Fishing Lines
22:33 Gold Mining
24:35 Stone Mining
26:32 Stone Shaft Mining
30:11 Imperial Age
27:48 Fletching
27:59 Padded Archer Armor
29:41 Loom
29:47 Treadmill Crane
31:06 Bodkin Arrow
31:26 Leather Archer Armor
31:39 Ballistics
31:29 Thumb Ring
33:07 Chemistry
32:01 Elite Rattan Archer
33:02 Bracer
33:33 Ring Archer Armor
34:23 Two-Man Saw
33:58 Crop Rotation
35:33 Scale Barding Armor
35:38 Forging
36:44 Siege Engineers
37:12 Elite Battle Elephant
37:55 Husbandry
38:07 Bloodlines
39:32 Chain Barding Armor
39:57 Iron Casting
46:53 Paper Money
46:38 Chatras
48:40 Caravan
sepereti
2:36 Loom
12:31 Feudal Age
15:00 Double-Bit Axe
19:03 Castle Age
16:58 Horse Collar
17:29 Gold Mining
20:25 Bow Saw
21:24 Heavy Plow
26:31 Wheelbarrow
25:50 Pikeman
27:42 Bloodlines
30:48 Hand Cart
33:41 Squires
33:48 Scale Mail Armor
33:59 Forging
34:34 Stone Mining
35:55 Chain Mail Armor
39:21 Imperial Age
37:40 Scale Barding Armor
38:11 Iron Casting
40:12 Chain Barding Armor
39:26 Cavalier
40:02 Halberdier
40:58 Cavalier
Harvey_Specter
12:12 Feudal Age
17:13 Castle Age
16:59 Horse Collar
17:10 Double-Bit Axe
26:48 Bow Saw
26:40 Heavy Plow
30:16 Fishing Lines
33:31 Gillnets
35:42 Wheelbarrow
35:30 Forging
35:30 Caravan
35:25 Gold Mining
36:11 Ballistics
39:13 Imperial Age
37:02 Hand Cart
37:21 Arson
38:43 Iron Casting
38:09 Scale Mail Armor
38:55 Vendel Legacy
40:59 Blast Furnace
40:05 Scale Barding Armor
39:40 Elite Varangian Guard
39:46 Gothikon
40:47 Conscription
40:58 Chain Mail Armor
40:11 Elite Jarl
41:40 Scale Barding Armor
42:09 Crop Rotation
43:56 Husbandry
43:16 Cavalier
44:19 Bloodlines
45:17 Chemistry
46:19 Plate Mail Armor
46:10 Chain Barding Armor
48:50 Plate Barding Armor
48:06 Fletching
48:05 Elite Skirmisher
kypraeos18
1:37 Loom
14:18 Feudal Age
18:31 Castle Age
17:33 Horse Collar
17:45 Double-Bit Axe
20:34 Bow Saw
24:59 Wheelbarrow
25:18 Gold Mining
25:12 Fishing Lines
27:19 Hand Cart
33:24 Imperial Age
31:33 Thumb Ring
31:38 Scale Barding Armor
31:44 Forging
31:35 Scale Mail Armor
31:35 Padded Archer Armor
33:24 Masonry
33:42 Ballistics
33:45 Chain Barding Armor
34:02 Iron Casting
34:47 Conscription
35:00 Husbandry
35:10 Bloodlines
34:21 Light Cavalry
35:00 Elite Mangudai
36:26 Elite Mangudai
36:38 Onager
37:19 Hussar
39:22 Blast Furnace
38:14 Fletching
38:25 Padded Archer Armor
39:07 Chain Mail Armor
40:51 Chemistry
41:30 Bodkin Arrow
42:52 Drill
46:35 Bracer
Connection lost

Rejoining the realm…

Still unreachable

The connection could not be restored.

Session expired

The server has moved on; the page needs a fresh start.